 Dungeon Crawl Stone Soup version 0.30-a0-1066-g63dfefce0d (webtiles) character file.

Game seed: 8924496114599005360

53 Adrian566 the Covered (level 3, 0/32 HPs)
             Began as an Armataur Fighter on Apr 12, 2023.
             Slain by Terence
             ... wielding a +0 falchion
              (6 damage)
             ... on level 2 of the Dungeon.
             The game lasted 00:01:23 (1171 turns).

Adrian566 the Covered (Armataur Fighter)            Turns: 1171, Time: 00:01:24

Health: 0/32       AC:  7    Str: 23    XL:     3   Next: 62%
Magic:  3/3        EV:  7    Int:  8    God:
Gold:   64         SH:  4    Dex:  9    Spells: 2/2 levels left

rFire   . . .      SeeInvis .    a - +0 long sword
rCold   . . .      Faith    .    c - +0 buckler
rNeg    . . .      Spirit   .    b - +0 scale mail
rPois   .          Reflect  .    j - +0 hat
rElec   .          Roll     +    (no cloak)
rCorr   .                        (no gloves)
Will    .....                    (no barding) Stlth
                                 m - amulet of the acrobat
HPRegen 0.25/turn                (no ring)
MPRegen 0.08/turn                (no ring)

@: mighty
A: large, rugged brown scales 3, deformed body, armoured tail, roll, long
tongue, awkward tongue
a: no special abilities


You were on level 2 of the Dungeon.
You visited 1 branch of the dungeon, and saw 2 of its levels.

You collected 64 gold pieces.

Inventory:

Hand Weapons
 a - a +0 long sword (weapon)
Armour
 b - a +0 scale mail (worn)
 c - a +0 buckler (worn)
 j - a +0 hat (worn)
Jewellery
 i - a ring of wizardry
 m - an amulet of the acrobat (around neck)
 p - a ring of poison resistance
Wands
 n - a wand of light (6)
Scrolls
 e - a scroll of acquirement {unknown}
 g - a scroll of fog {unknown}
 l - a scroll of poison {unknown}
 o - a scroll of enchant armour {unknown}
 q - a scroll of teleportation {unknown}
Potions
 d - a potion of might
 f - a potion of experience {unknown}
 h - a potion of heal wounds {unknown}
 k - a potion of cancellation {unknown}


   Skills:
 + Level 2.8 Fighting
 * Level 3.1 Long Blades
 + Level 3.8 Armour
 + Level 3.6 Shields


You had 2 spell levels left.
You didn't know any spells.
Your spell library contained the following spells:

 Spells                   Type           Power      Damage    Failure   Level
 Arcjolt                  Conj/Air       0%         1d10      100%        5
 Conjure Ball Lightning   Conj/Air       0%         3x3d6     100%        6


Dungeon Overview and Level Annotations

Branches:
Dungeon (2/15)

Altars:

Annotations:
D:2 Terence


Innate Abilities, Weirdness & Mutations

You are completely covered in rugged brown scales. (AC +3, +7% HP)
Armour fits poorly on your strangely shaped body.
You have a long armoured tail.
You roll when moving toward enemies. (Rampage)
Your long tongue fully drains potion bottles. (2x potion effects)
Your tongue gives you trouble enunciating. (1.5x scroll delay)


Message History

You are too injured to fight recklessly!
You are too injured to fight recklessly!
You are too injured to fight recklessly!
You are too injured to fight recklessly!
You are too injured to fight recklessly!
You are too injured to fight recklessly!
You are too injured to fight recklessly!
You are too injured to fight recklessly!
You are too injured to fight recklessly!
You are too injured to fight recklessly!
You are too injured to fight recklessly!
You are too injured to fight recklessly!
You are too injured to fight recklessly!
Unknown command.
You are too injured to fight recklessly!
You barely miss Terence. You block Terence's attack.
You barely miss Terence.
Your tail-slap misses Terence.
Terence hits you with a +0 falchion.
You barely miss Terence. Terence closely misses you.
A worm comes into view.
Terence hits you with a +0 falchion.
You hit Terence but do no damage. Terence closely misses you.
You barely miss Terence. Terence hits you with a +0 falchion.
* * * LOW HITPOINT WARNING * * *
You hit Terence.
Terence is moderately wounded.
Terence hits you with a +0 falchion.
* * * LOW HITPOINT WARNING * * *
Terence barely misses you.
You feel very mighty all of a sudden.
You slurp down every last drop of the potion of might!
Terence hits you with a +0 falchion.
* * * LOW HITPOINT WARNING * * *
You hit Terence. You tail-slap Terence.
Terence is severely wounded.
Terence hits you but does no damage.
You barely miss Terence.
Terence is severely wounded.
Terence hits you with a +0 falchion.
You die...

#.###.####.......#
#.# ##...........#
## #.#####.....##
#.# ##...## #.#
##.## #. #.# # #.#
#.# #@# #@#


#Jw ##.# .. ### You could see Terence, a worm and an endoplasm.

Vanquished Creatures
  An adder (D:2)
  2 dart slugs (D:1)
  4 ball pythons
  A bat (D:2)
  3 endoplasms
  A giant cockroach (D:1)
  6 goblins
  4 hobgoblins
  4 jackals (D:1)
  4 kobolds
  2 frilled lizards
  3 rats
35 creatures vanquished.

Vanquished Creatures (others)
  A plant (D:2)
1 creature vanquished.

Grand Total: 36 creatures vanquished

Notes
Turn   | Place    | Note
-------+----------+-------------------------------------------
     0 | D:1      | Adrian566 the Armataur Fighter began the quest for the Orb.
     0 | D:1      | Reached XP level 1. HP: 19/19 MP: 1/1
   165 | D:1      | Reached XP level 2. HP: 23/26 MP: 2/2
   179 | D:1      | Got the Book of Gases
   729 | D:2      | Reached XP level 3. HP: 26/32 MP: 3/3
  1158 | D:2      | Noticed Terence
  1171 | D:2      | Slain by Terence

Illustrated notes

Levels and vault maps discovered:
D:1:      dpeg_arrival_shelter, layout_loops_ring, amethyst_killhole,
          nrook_campfire, minmay_misc_feat_rows
D:2:      layout_loops_ring, serial_shops, nicolae_shop_bloodbath_and_beyond,
          serial_bayou_pond_a, uniq_terence

Skill      XL: |  1  2  3 |
---------------+----------+-----
Long Blades    | 2 3 |  3.1
Fighting       | |  2.8
Armour         | |  3.8
Shields        | |  3.6

Action                     || total
---------------------------++-------
  Melee: Long sword        ||   118
         Tailslap          ||    16
    Use: Potion            ||     1
 Armour: Scale mail        ||    67
  Dodge: Dodged            ||    46
  Block: Buckler           ||    24

Table legend: (Time is in decaauts)
 A = Elapsed time spent in this place.
 B = Non-inter-level travel time spent in this place.
 C = Inter-level travel time spent in this place.
 D = Time resting spent in this place.
 E = Time spent auto-exploring this place.
 F = Levels seen in this place.
 G = Mean time per level.
                   A        B        C        D        E       F      G
               +--------+--------+--------+--------+--------+-----+--------+
         Total |   1206 |   1163 |     43 |      0 |    908 |   2 |  603.0 |
       Dungeon |   1206 |   1163 |     43 |      0 |    908 |   2 |  603.0 |
               +--------+--------+--------+--------+--------+-----+--------+

Top non-repeatable levels by time:
     D:1: 727 daAuts
     D:2: 478 daAuts
